 Dungeon Crawl Stone Soup version 0.25.1-2-g60ff931df9 (webtiles) character file.

Game seed: 7825910098682131984

8476 hawla the Zephyrmancer (level 11, -9/72 (74) HPs)
             Began as a Black Draconian Venom Mage on Nov 16, 2020.
             Was an Elder of Vehumet.
             Mangled by a wyvern (15 damage)
             ... on level 10 of the Dungeon.
             The game lasted 00:44:55 (15118 turns).

hawla the Zephyrmancer (DrVM)                      Turns: 15118, Time: 00:44:56

HP:   -9/72 (74)    AC:  8    Str: 16    XL:     11   Next: 10%
MP:   16/21         EV: 16    Int: 19    God:    Vehumet [****..]
Gold: 448           SH:  0    Dex: 12    Spells: 5/24 levels left

rFire    . . .     SeeInvis .   A - +3 quarterstaff (protect)
rCold    . . .     Gourm    .   (shield currently unavailable)
rNeg     . . .     Faith    +   (armour unavailable)
rPois    .         Spirit   .   (helmet restricted)
rElec    +         Reflect  .   (no cloak)
rCorr    .         Harm     .   B - +0 pair of gloves
MR       .....                  (no boots)
Stlth    ++........             x - amulet of faith
HPRegen  0.22/turn              c - +6 ring of strength
MPRegen  0.17/turn              r - +4 ring of evasion

@: short of breath, radiating poison
A: breathe lightning, unfitting armour, electricity resistance, cold-blooded, AC
+7
a: Breathe Lightning, Renounce Religion


You were on level 10 of the Dungeon.
You worshipped Vehumet.
Vehumet was greatly pleased with you.
You were near starving.

You visited 2 branches of the dungeon, and saw 11 of its levels.

You collected 448 gold pieces.

Inventory:

Hand Weapons
 A - a +3 quarterstaff of protection (weapon)
Missiles
 a - 4 boomerangs of dispersal
 n - 3 datura-tipped darts
 p - 48 poisoned darts
 q - 7 boomerangs (quivered)
Armour
 B - a +0 pair of gloves (worn)
Jewellery
 c - a +6 ring of strength (left hand)
 r - a +4 ring of evasion (right hand)
 t - an uncursed ring of protection from cold
 x - an amulet of faith (around neck)
Wands
 s - a wand of iceblast (16)
 u - a wand of paralysis (17)
 y - a wand of polymorph (15)
Scrolls
 e - 3 scrolls of enchant weapon
 h - 5 scrolls of teleportation
 k - 2 scrolls of enchant armour
 m - 2 scrolls of remove curse
Potions
 d - a potion of brilliance {unknown}
 f - 2 potions of magic
 g - a potion of heal wounds
 i - a potion of cancellation
 j - 5 potions of curing {unknown}
 l - 2 potions of haste
 z - a potion of might {unknown}
 C - 2 potions of stabbing {unknown}
Comestibles
 b - 15 rations


   Skills:
 + Level 0.2 Fighting
 + Level 0.7 Staves
 + Level 2.0 Dodging
 + Level 1.9 Stealth
 + Level 7.1 Spellcasting
 + Level 5.7 Conjurations
 + Level 3.5 Summonings
 + Level 7.1 Transmutations
 + Level 6.2 Fire Magic
 + Level 8.4 Air Magic
 + Level 7.7 Poison Magic


You had 5 spell levels left.
You knew the following spells:

 Your Spells              Type           Power        Failure   Level  Hunger
a - Sting                 Tmut/Pois      ####         1%          1    None
b - Poisonous Vapours     Pois/Air       #####.       1%          2    None
c - Olgreb's Toxic Radia  Pois           #####...     1%          4    ###....
d - Ignite Poison         Fire/Tmut/Pois ####....     1%          3    #......
e - Mephitic Cloud        Conj/Pois/Air  ####....     1%          3    #......
f - Shock                 Conj/Air       ####         1%          1    None
g - Foxfire               Conj/Fire      ####         1%          1    None
h - Summon Lightning Spi  Summ/Air       ####....     9%          4    ###....

Your spell library contained the following spells:

 Spells                   Type           Power        Failure   Level  Hunger
 Inner Flame              Hex/Fire       ###.....     2%          3    #......
 Summon Small Mammal      Summ           ###.         2%          1    None
 Call Imp                 Summ           ###.....     3%          2    None
 Call Canine Familiar     Summ           ###.....     7%          3    #......
 Summon Guardian Golem    Hex/Summ       ##......     14%         3    #......
 Summon Ice Beast         Ice/Summ       ##......     43%         4    ###....


Dungeon Overview and Level Annotations

Branches:
Dungeon (10/15)            Temple (1/1) D:5
   Lair: D:8-11         Orc: D:9-12

Altars:
Ashenzari
Cheibriados
Dithmenos
Elyvilon
Fedhas
Gozag
Hepliaklqana
Kikubaaqudgha
Makhleb
Nemelex Xobeh
Okawaru
Qazlal
Ru
Sif Muna
Trog
Uskayaw
Vehumet
Wu Jian
Xom
Yredelemnul
Zin
The Shining One

Shops:
D:5 *

Annotations:
D:3 1 runed translucent door, KittyFluff's ghost, amateur DrBe


Innate Abilities, Weirdness & Mutations

You can breathe wild blasts of lightning.
Your glossy black scales are hard. (AC +7)
You cannot fit into any form of body armour.
You are resistant to electric shocks. (rElec)
You are cold-blooded and may be slowed by cold attacks.


Message History

The orb of electricity engulfs the phantom!
The phantom is almost destroyed.
You feel somewhat more hungry.
You hear a shout! x2; You hear a bellow!
You hear a shout!
The hippogriff barely misses you.
The hippogriff pecks you but does no damage.
The hippogriff claws you. The wyvern bites you!!
Casting: Shock (safe; 1% risk of failure)
Confirm with . or Enter, or press ? or * to list all spells.
You begin to radiate toxic energy.
The orc warrior is poisoned.
The hippogriff is poisoned.
The wyvern is poisoned.
You are near starving!
The orc warrior looks even sicker.
The wyvern looks even sicker.
The wyvern bites you!
* * * LOW HITPOINT WARNING * * *
The hippogriff barely misses you. The hippogriff completely misses you.
The hippogriff claws you.
* * * LOW HITPOINT WARNING * * *
The phantom blinks!
The wyvern bites you!
You die...

. P. ... o..P #####
...P. #.<...+...##.P...#
#.....# #.@l..P..#
#..#.....# #.#HWP..P#
#..#.....# #.##..P.P#
#..#.....# #.# P..PP.
#..#.....# #.# ...PP
#..#.....###.# .....
####............# ..PP
.........##########.....
....รท....# #........


You could see a hippogriff (poisoned), a phantom, an orc warrior (very poisoned)
and a wyvern (very poisoned).

Vanquished Creatures
  A two-headed ogre (D:8)
  An unseen horror (D:10)
  A manticore (D:10)
  Joseph (D:8)
  Maurice (D:9)
  A troll (D:9)
  A hippogriff (D:9)
  A wyvern (D:9)
  4 yaks (D:8)
  Grum (D:9)
  An eye of draining (D:9)
  A porcupine (D:10)
  3 sky beasts
  An ice beast (D:7)
  4 orc warriors
  2 necrophages (D:7)
  An ogre (D:7)
  A phantom (D:5)
  4 centaurs
  4 wolves
  A big kobold (D:8)
  A bullfrog (D:10)
  4 gnoll sergeants (D:8)
  4 scorpions
  9 killer bees
  A wight (D:8)
  4 howler monkeys
  A centaur zombie (D:6)
  A bullfrog zombie (D:9)
  6 crimson imps
  5 hounds
  9 orc priests
  2 gnoll shamans (D:8)
  A centaur skeleton (D:4)
  7 iguanas
  11 orc wizards
  Natasha (twice) (D:2)
  A bullfrog skeleton (D:8)
  4 worker ants
  Robin (D:2)
  15 gnolls
  16 adders
  A shadow imp (D:5)
  2 oozes
  2 adder zombies
  2 worms
  A dart slug (D:4)
  2 leopard geckos
  43 orcs
  8 bats
  5 giant cockroaches
  12 goblins
  8 hobgoblins
  13 jackals
  10 kobolds
  4 quokkas
  3 ball pythons
  4 frilled lizards
  A jackal zombie (D:8)
  A leopard gecko zombie (D:5)
  6 rats
  A fungus (D:10)
270 creatures vanquished.

Vanquished Creatures (collateral kills)
  A big kobold (D:9)
  A scorpion (D:9)
  A killer bee (D:9)
  A hound (D:9)
  A jelly (D:9)
  An iguana (D:8)
  An adder (D:9)
  3 kobolds (D:9)
10 creatures vanquished.

Vanquished Creatures (others)
  Ijyb (D:5)
  A killer bee zombie (D:5)
  A hound zombie (D:5)
  A quokka skeleton (D:5)
  4 foxfires (D:8)
  4 fungi (D:10)
  2 plants (D:10)
14 creatures vanquished.

Grand Total: 294 creatures vanquished

Notes
Turn   | Place    | Note
-------+----------+-------------------------------------------
     0 | D:1      | hawla the Draconian Venom Mage began the quest for the Orb.
     0 | D:1      | Reached XP level 1. HP: 14/14 MP: 3/3
   457 | D:1      | Reached XP level 2. HP: 17/20 MP: 0/5
  1490 | D:2      | Reached XP level 3. HP: 17/26 MP: 0/6
  1503 | D:2      | Learned a level 2 spell: Poisonous Vapours
  2034 | D:2      | Reached XP level 4. HP: 33/33 MP: 1/8
  2176 | D:2      | Reached skill level 1 in Air Magic
  2619 | D:2      | Noticed Natasha
  2625 | D:2      | Killed Natasha
  2625 | D:2      | Reached XP level 5. HP: 31/38 MP: 0/9
  2637 | D:2      | Learned a level 4 spell: Olgreb's Toxic Radiance
  2782 | D:2      | Noticed Natasha
  2785 | D:2      | Killed Natasha
  3094 | D:2      | Noticed Robin
  3105 | D:2      | Killed Robin
  3430 | D:3      | Learned a level 3 spell: Ignite Poison
  3477 | D:3      | Found a runed translucent door.
  3479 | D:3      | Noticed KittyFluff's ghost (amateur DrBe)
  3785 | D:3      | Found a glowing golden altar of the Shining One.
  3963 | D:3      | Reached skill level 2 in Air Magic
  4775 | D:4      | Reached XP level 6. HP: 45/45 MP: 1/11
  5048 | D:4      | Reached skill level 1 in Fire Magic
  5913 | D:4      | Your scales start taking on a glossy black colour.
  5913 | D:4      | Reached skill level 3 in Air Magic
  5913 | D:4      | Reached XP level 7. HP: 44/50 MP: 6/12
  5913 | D:4      | Gained mutation: You are resistant to electric shocks.
                  | (rElec) [Black Draconian growth]
  6983 | D:5      | Entered Level 5 of the Dungeon
  6983 | D:5      | Noticed Ijyb
  7182 | D:5      | Learned a level 3 spell: Mephitic Cloud
  7344 | D:5      | Reached skill level 4 in Air Magic
  7344 | D:5      | Reached skill level 5 in Poison Magic
  7447 | D:5      | Found Qeusch's Assorted Antiques.
  7492 | D:5      | Reached skill level 1 in Conjurations
  7524 | D:5      | Reached XP level 8. HP: 38/57 MP: 3/14
  7745 | D:5      | Killed Ijyb
  7781 | D:5      | Found a staircase to the Ecumenical Temple.
  7824 | Temple   | Entered the Ecumenical Temple
  7866 | Temple   | Became a worshipper of Vehumet
  8172 | D:5      | Found a shadowy altar of Dithmenos.
  8625 | D:6      | Reached skill level 5 in Air Magic
  8934 | D:6      | Reached skill level 5 in Transmutations
  9036 | D:6      | Found a shimmering blue altar of Sif Muna.
  9143 | D:6      | Reached skill level 5 in Spellcasting
  9930 | D:7      | Reached XP level 9. HP: 58/62 MP: 2/16
 10073 | D:7      | Paralysed by an orc for 4 turns
 10077 | D:7      | Reached * piety under Vehumet
 10077 | D:7      | Offered knowledge of Shock by Vehumet.
 10089 | D:7      | Learned a level 1 spell: Shock
 10132 | D:7      | Found an iron altar of Okawaru.
 10769 | D:7      | Reached skill level 6 in Air Magic
 10852 | D:7      | Found a hide-covered altar of Uskayaw.
 10853 | D:7      | Found an ornate altar of the Wu Jian Council.
 11346 | D:7      | Found a hazy altar of Hepliaklqana.
 11712 | D:8      | Reached ** piety under Vehumet
 11712 | D:8      | Offered knowledge of Foxfire by Vehumet.
 11852 | D:7      | Learned a level 1 spell: Foxfire
 11901 | D:8      | Found a sparkling altar of Nemelex Xobeh.
 12028 | D:8      | Found a burning altar of Makhleb.
 12043 | D:8      | Reached skill level 5 in Fire Magic
 12164 | D:8      | Reached skill level 7 in Air Magic
 12164 | D:8      | Reached XP level 10. HP: 67/67 MP: 4/19
 12170 | D:8      | Learned a level 4 spell: Summon Lightning Spire
 12376 | D:8      | Noticed Joseph
 12376 | D:8      | Noticed a two-headed ogre
 12381 | D:8      | Killed a two-headed ogre
 12381 | D:8      | Reached skill level 5 in Conjurations
 12381 | D:8      | Reached skill level 1 in Summonings
 12384 | D:8      | Killed Joseph
 12663 | D:8      | Offered knowledge of Conjure Flame by Vehumet.
 12881 | D:8      | Reached *** piety under Vehumet
 13157 | D:8      | Found a shimmering blue altar of Sif Muna.
 13157 | D:8      | Found an opulent altar of Gozag.
 13433 | D:8      | Found a bloodstained altar of Trog.
 13489 | D:9      | Noticed Grum
 13494 | D:9      | Killed Grum
 13494 | D:9      | Offered knowledge of Frozen Ramparts by Vehumet.
 13509 | D:9      | Reached **** piety under Vehumet
 13792 | D:9      | Noticed Maurice
 13795 | D:9      | Offered knowledge of Inner Flame by Vehumet.
 13811 | D:9      | Killed Maurice
 13811 | D:9      | Reached skill level 8 in Air Magic
 14600 | D:10     | Entered Level 10 of the Dungeon
 14641 | D:10     | Noticed a manticore
 14646 | D:10     | Killed a manticore
 14646 | D:10     | Reached XP level 11. HP: 51/72 MP: 12/21
 14990 | D:10     | Killed an unseen horror
 15118 | D:10     | Mangled by a wyvern

Illustrated notes

Levels and vault maps discovered:
D:1:      dpeg_arrival_water_fire, layout_basic, wad_floor_pattern_1
D:2:      layout_basic, first_ration, uniq_natasha, uniq_robin
D:3:      layout_basic, ebering_ghost_reflecting_pool,
          minmay_misc_feat_ornament, corexii_corridor_pit, tso_metal_star
D:4:      layout_basic, minmay_three_crescents
D:5:      minmay_recursive_quarters, layout_rooms, lemuel_temple_firewalk_b,
          serial_shops, shop, grunt_dithmenos_shadows, uniq_ijyb
D:6:      kennysheep_orc_sif_temple, layout_basic
D:7:      layout_loops_corners, kennysheep_little_box,
          gammafunk_temple_overflow_statue, okawaru_ov_weapons_minmay
D:8:      layout_cave_pools, gammafunk_temple_overflow_wave, minitemple,
          serial_gnoll_camp, gnoll_camp_mini_sergeant, gnoll_camp_mini_hut,
          gnoll_camp_mini_hut, gnoll_camp_huts_basic, kennysheep_generic_room_5,
          uniq_joseph
D:9:      layout_basic, uniq_grum, uniq_maurice
D:10:     layout_basic, grunt_lair_entry_orc_guard_hut, uniq_harold
Temple:   jpeg_temple_clearing

Skill      XL: |  1  2  3  4  5  6  7  8  9 10 11 |
---------------+----------------------------------+-----
Transmutations | 2 3 4 5 6 7 |  7.1
Air Magic      | 1 2 3 4 5 7 8 |  8.4
Spellcasting   | 3 4 5 6 7 |  7.1
Poison Magic   | 4 5 6 7 |  7.7
Fire Magic     | 1 3 4 5 6 |  6.2
Conjurations   | 1 3 4 5 |  5.7
Summonings     | 3 |  3.5
Dodging        | 2 |  2.0
Fighting       | |  0.2
Staves         | |  0.7
Stealth        | |  1.9

Action                   |  1- 3 |  4- 6 |  7- 9 | 10-12 || total
-------------------------+-------+-------+-------+-------++-------
Melee: Unarmed           |     6 |     8 |       |     1 ||    15
       Dagger            |       |    24 |   134 |    10 ||   168
       Tailslap          |       |     6 |     9 |     5 ||    20
       Quarterstaff      |       |       |       |    59 ||    59
Throw: Boomerang         |       |       |    26 |     7 ||    33
 Cast: Sting             |    41 |    31 |    32 |     8 ||   112
       Poisonous Vapours |    14 |    52 |    75 |    68 ||   209
       Olgreb's Toxic Ra |       |     6 |    22 |    16 ||    44
       Ignite Poison     |       |     3 |     7 |     9 ||    19
       Mephitic Cloud    |       |       |     4 |       ||     4
       Shock             |       |       |    20 |    28 ||    48
       Foxfire           |       |       |     2 |       ||     2
       Summon Lightning  |       |       |       |     5 ||     5
 Abil: Breathe Lightning |       |       |     3 |     1 ||     4
Evoke: Wand              |       |       |       |     2 ||     2
  Use: Scroll            |     2 |     6 |     3 |     4 ||    15
       Potion            |       |       |       |     1 ||     1
 Stab: Distracted        |       |     1 |       |       ||     1
  Eat: Chunk             |     5 |    16 |    25 |     8 ||    54
       Ration            |       |       |       |     1 ||     1
Armor: Skin              |    23 |    15 |    54 |    44 ||   136
Dodge: Dodged            |    69 |    41 |    99 |   110 ||   319
